AoeStats
← Tom

Arena

507967743Analyzed
2v2 RM · 13d ago on Sep 20, 2026· 36m 43s· 4 players
Game mode
Random Map
Map size
Medium (4 player)
Population
200
Speed
Normal
Resources
Standard
Victory
Conquest
Starting age
Dark Age
Ending age
Imperial Age
RankedLock teamsTeams togetherTeam positionsShared explorationLock speedFull tech treeHidden civsTurbo modeCheats
Victory
Defeat
🇫🇷 Franks · France
664
+18
🇩🇪 Saracens · Germany
661
+18
🇷🇺 Byzantines · Russia
597
-12
🇺🇸 Turks · United States
565
-12
About95babys
12:21 Feudal Age
20:03 Castle Age
18:15 Double-Bit Axe
18:29 Horse Collar
19:39 Gold Mining
20:01 Padded Archer Armor
21:03 Wheelbarrow
24:37 Leather Archer Armor
Tom
10:31 Feudal Age
10:59 Horse Collar
11:06 Double-Bit Axe
18:40 Castle Age
17:00 Stone Mining
22:09 Stone Shaft Mining
22:11 Bow Saw
22:26 Heavy Plow
28:55 Wheelbarrow
28:06 Loom
28:47 Fortified Wall
28:18 Treadmill Crane
30:22 Hand Cart
30:13 Pikeman
30:39 Arson
30:54 Squires
30:40 Gambesons
31:38 Murder Holes
32:36 Scale Mail Armor
32:47 Forging
32:31 Fletching
35:45 Gold Mining
39:22 Imperial Age
Gag_Hilarant
7:28 Loom
9:34 Feudal Age
10:55 Wheelbarrow
10:10 Double-Bit Axe
10:21 Horse Collar
11:01 Gold Mining
15:51 Town Watch
19:20 Castle Age
18:28 Bloodlines
19:00 Forging
20:10 Husbandry
22:12 Iron Casting
21:54 Heavy Plow
22:37 Scale Barding Armor
35:08 Elite Skirmisher
35:54 Thumb Ring
THE SHIT SHOW
5:51 Loom
7:33 Loom
10:51 Feudal Age
16:16 Castle Age
16:00 Double-Bit Axe
21:34 Wheelbarrow
22:00 Bow Saw
28:31 Fervor
28:26 Devotion
28:35 Husbandry
28:45 Scale Barding Armor
28:51 Forging
30:11 Hand Cart
34:54 Imperial Age
33:05 Fletching
33:15 Padded Archer Armor
33:27 Elite Skirmisher
36:34 Leather Archer Armor
36:14 Bodkin Arrow
36:47 Ballistics
37:28 Chemistry
36:25 Murder Holes
Connection lost

Rejoining the realm…

Still unreachable

The connection could not be restored.

Session expired

The server has moved on; the page needs a fresh start.